 Dungeon Sprint DCSS version 0.26-a0-663-g36e8fdb655 (webtiles) character file.

Game seed: 789489751567894994

43 mhtbhm the Digger (level 3, -9/20 HPs)
             Began as a Deep Elf Earth Elementalist on Oct 10, 2020.
             Mangled by a water elemental (10 damage)
             ... in the Dungeon (Sprint III: "The Ten Rune Challenge").
             The game lasted 00:00:58 (267 turns).

mhtbhm the Digger (Deep Elf Earth Elementalist)      Turns: 267, Time: 00:00:58

Health: -9/20      AC:  2    Str:  7    XL:     3   Next: 37%
Magic:  4/11       EV: 14    Int: 20    God:
Gold:   27         SH:  0    Dex: 15    Spells: 6/12 levels left

rFire    . . .     SeeInvis .   (no weapon)
rCold    . . .     Faith    .   (no shield)
rNeg     . . .     Spirit   .   c - +0 robe
rPois    .         Reflect  .   (no helmet)
rElec    .         Harm     .   (no cloak)
rCorr    .         Rampage  .   (no gloves)
MR       .....     NoTele   +   (no boots)
Stlth    ++........             (no amulet)
HPRegen  0.06/turn              (no ring)
MPRegen  0.12/turn              (no ring)

@: no status effects
A: robust 1, strong 1
a: no special abilities


You were in the Dungeon.
You visited 1 branch You collected 27 gold pieces.

Inventory:

Missiles
 b - 12 stones (quivered)
Armour
 c - a +0 robe (worn)
Scrolls
 a - 2 scrolls of immolation {unknown}
 i - a scroll of blinking
 j - 3 scrolls of identify
 k - 3 scrolls of remove curse
Potions
 d - 3 potions of curing
 f - a potion of haste
 g - 2 potions of magic
 h - a potion of berserk rage
 l - 4 potions of flight
 m - 4 potions of mutation


   Skills:
 + Level 3.5 Dodging
 + Level 3.0 Stealth
 + Level 5.3 Spellcasting
 + Level 1.2 Transmutations
 + Level 6.5 Earth Magic


You had 6 spell levels left.
You knew the following spells:

 Your Spells              Type           Power        Failure   Level
a - Sandblast             Erth           ####..       1%          1
b - Passwall              Tmut/Erth      ###.....     3%          2
c - Stone Arrow           Conj/Erth      ###...       9%          3

Your spell library contained the following spells:

 Spells                   Type           Power        Failure   Level
 Petrify                  Tmut/Erth      ###.....     22%         4
 Lee's Rapid Deconstruct  Erth           ####......   22%         5


Dungeon Overview and Level Annotations

Branches:
Dungeon (1/1)

Altars:


Innate Abilities, Weirdness & Mutations

You are robust. (+10% HP)
Your muscles are strong. (Str +2)


Message History

Casting: Sandblast (safe; 1% risk of failure)
Confirm with . or Enter, or press ? or * to list all spells.
Aiming: Sandblast (safe; 1% risk of failure)
Press: ? - help, Shift-Dir - straight line, f/p - water elemental
Aim: a water elemental (heavily damaged)
The blast of sand hits the water elemental.
The water elemental is severely damaged.
b - 13 stones The water elemental barely misses you.
Casting: Sandblast (safe; 1% risk of failure)
Confirm with . or Enter, or press ? or * to list all spells.
Aiming: Sandblast (safe; 1% risk of failure)
Press: ? - help, Shift-Dir - straight line, f/p - water elemental
Aim: a water elemental (severely damaged)
The blast of sand hits the water elemental.
The water elemental is almost destroyed.
b - 12 stones The water elemental hits you!
Ouch! That really hurt!
You die...

▓▓▓▓▓▓▓▓▓ ▓▓▓
▓<..#...#### ##.#
▓...#...†..#####..#
▓..##.......#..#..#
▓##.##.##...#..#..# #+#+#
##.##.###..##†#..#......
▓#.####.##..###.@E'.⌠....
▓.###..##..## #...#...###
▓#.....##..# #....# ⌠.#
###..##†..##.....# .#
##..##....#......# #
#..###..##.#.....# #..#
#.. ####....# ▓▓▓▓ ▓▓▓
▓▓▓▓▓▓


You could see a water elemental.

Vanquished Creatures
  A human (D)
  A wolf (D)
  2 oozes (D)
  2 rats (D)
6 creatures vanquished.

Vanquished Creatures (others)
  7 plants (D)
7 creatures vanquished.

Grand Total: 13 creatures vanquished

Notes
Turn   | Place    | Note
-------+----------+-------------------------------------------
     0 | D        | mhtbhm the Deep Elf Earth Elementalist began the quest for
                  | the Orb.
     0 | D        | Reached XP level 1. HP: 10/10 MP: 6/6
     7 | D        | Reached skill level 4 in Earth Magic
    30 | D        | Reached XP level 2. HP: 15/15 MP: 5/8
   109 | D        | Learned a level 2 spell: Passwall
   133 | D        | Gained mutation: You are robust. (+10% HP) [potion of
                  | mutation]
   133 | D        | Gained mutation: Your muscles are strong. (Str +2) [potion
                  | of mutation]
   153 | D        | Reached skill level 6 in Earth Magic
   153 | D        | Reached XP level 3. HP: 5/20 MP: 3/11
   157 | D        | Reached skill level 5 in Spellcasting
   246 | D        | Learned a level 3 spell: Stone Arrow
   261 | D        | Noticed a water elemental
   264 | D        | HP: 1/20 [water elemental (19)]
   267 | D        | Mangled by a water elemental

Illustrated notes

Levels and vault maps discovered:
D:        dungeon_sprint_mu [sprint_mu_entry_cave, sprint_mu_temple_rooms,
          sprint_mu_d1_spiders, sprint_mu_d2_genie, sprint_mu_d3_branching,
          sprint_mu_orc_legion, sprint_mu_elf_gauntlet, sprint_mu_hive_nellie,
          sprint_mu_lair_fedhas, sprint_mu_vaults_butterflies,
          sprint_mu_slime_circle, sprint_mu_swamp_cave, sprint_mu_shoals_kraken,
          sprint_mu_blade_basic, sprint_mu_crypt_lich, sprint_mu_tomb_spiral,
          sprint_mu_vestibule_basic, sprint_mu_gehenna_hellfire,
          sprint_mu_dis_giant, sprint_mu_tartarus_statrot,
          sprint_mu_cocytus_islands, sprint_mu_zot1]

Skill      XL: |  1  2  3 |
---------------+----------+-----
Earth Magic    | 4 6 |  6.5
Dodging        | 3 |  3.5
Spellcasting   | 4 5 |  5.3
Stealth        | 3 |  3.0
Transmutations | |  1.2

Action                   || total
-------------------------++-------
 Cast: Sandblast         ||    18
       Passwall          ||     1
       Stone Arrow       ||     1
  Use: Potion            ||     2
Dodge: Dodged            ||     7

Table legend: (Time is in decaauts)
 A = Elapsed time spent in this place.
 B = Non-inter-level travel time spent in this place.
 C = Inter-level travel time spent in this place.
 D = Time resting spent in this place.
 E = Time spent auto-exploring this place.
 F = Levels seen in this place.
 G = Mean time per level.
                   A        B        C        D        E       F      G
               +--------+--------+--------+--------+--------+-----+--------+
         Total |    267 |    267 |      0 |    159 |     14 |   1 |  267.0 |
       Dungeon |    267 |    267 |      0 |    159 |     14 |   1 |  267.0 |
               +--------+--------+--------+--------+--------+-----+--------+

Top non-repeatable levels by time:
       D: 267 daAuts
